 Dungeon Crawl Stone Soup version 0.28.0-47-ge53b351184 (webtiles) character file.

Game seed: 4110934832114327033

10194 Kenran the Gouger (level 11, 54/54 HPs)
             Began as a Felid Transmuter on May 4, 2022.
             Was an Initiate of Gozag.
             Quit the game on level 13 of the Dungeon.
             The game lasted 01:43:08 (32662 turns).

Kenran the Gouger (Felid Transmuter)               Turns: 32662, Time: 01:43:09

Health: 54/54      AC:  7    Str:  6    XL:     11   Next: 33%
Magic:  16/16      EV: 27    Int: 17    God:    Gozag
Gold:   371        SH:  0    Dex: 19    Spells: 2/16 levels left
                                        Lives:  0   Deaths: 3

rFire   . . .      SeeInvis +     - Unarmed
rCold   + . .      Faith    .   (shield unavailable)
rNeg    . . .      Spirit   .   (armour unavailable)
rPois   +          Reflect  .   (helmet unavailable)
rElec   .          Harm     .   (cloak unavailable)
rCorr   .          Rampage  .   (gloves unavailable)
Will    +....                   (boots unavailable)
Stlth   ++++++....              B - amulet of regeneration
HPRegen 0.98/turn               c - +4 ring of protection
MPRegen 0.15/turn               u - ring of poison resistance

@: quick
A: very small, claws 1, fangs 3, see invisible, speed 1, shaggy fur 3, stealthy
paws, no weapons or thrown items, no armour, multi-lived
a: Renounce Religion, Potion Petition, Call Merchant, Bribe Branch


You were on level 13 of the Dungeon.
You worshipped Gozag.
Gozag was aware of your devotion.
You visited 4 branches of the dungeon, and saw 21 of its levels.
You visited 1 bazaar.
You also visited: Ice Cave.

You collected 4183 gold pieces.
You spent 1540 gold pieces at shops.
You paid 2272 gold pieces to Gozag.

Inventory:

Jewellery
 c - a +4 ring of protection (left paw)
 d - a ring of positive energy
 i - a +4 ring of evasion
 u - a ring of poison resistance (right paw)
 v - a ring of resist corrosion
 B - an amulet of regeneration (around neck)
Wands
 b - a wand of charming (10)
 g - a wand of digging (3)
 k - a wand of acid (2)
 t - a wand of flame (1)
 C - a wand of mindburst (15)
Scrolls
 e - 3 scrolls of teleportation
 f - 3 scrolls of blinking
 m - 2 scrolls of silence
 n - 2 scrolls of fear
 r - a scroll of holy word {unknown}
 s - 4 scrolls of amnesia
 y - a scroll of immolation {!r}
 D - a scroll of summoning {unknown}
Potions
 a - 11 potions of ambrosia
 j - 2 potions of brilliance
 l - 3 potions of flight
 o - a potion of haste {unknown}
 p - 3 potions of heal wounds {@q2}
 q - a potion of mutation {unknown}
 w - a potion of attraction {unknown}
 x - 3 potions of might {unknown}
 z - a potion of magic {unknown}
 A - a potion of lignification {unknown}
Miscellaneous
 h - a phantom mirror
 E - a tin of tremorstones (2/2)


   Skills:
 - Level 10.0 Fighting
 + Level 12.4 Dodging
 + Level 13.4 Stealth
 - Level 14.0 Unarmed Combat
 - Level 3.0 Spellcasting
 - Level 3.0 Translocations
 - Level 11.0 Transmutations
 - Level 3.0 Ice Magic
 + Level 5.7 Evocations


You had 2 spell levels left.
You knew the following spells:

 Your Spells              Type           Power      Damage    Failure   Level
a - Beastly Appendage     Tmut           78%        N/A       1%          1
b - Ice Form              Ice/Tmut       26%        N/A       10%         4
c - Blink                 Tloc           24%        N/A       8%          2
d - Dragon Form           Tmut           19%        N/A       85%         7

Your spell library contained the following spells:

 Spells                   Type           Power      Damage    Failure   Level
 Wereblood                Tmut           39%        N/A       1%          2
 Magic Dart               Conj           8%         1d3       17%         1
 Call Imp                 Summ           2%         N/A       26%         2
 Static Discharge         Conj/Air       2%         N/A       26%         2
 Spider Form              Tmut/Pois      21%        N/A       5%          3
 Lesser Beckoning         Tloc           12%        N/A       16%         3
 Call Canine Familiar     Summ           2%         N/A       45%         3
 Mephitic Cloud           Conj/Pois/Air  2%         N/A       45%         3
 Stone Arrow              Conj/Erth      4%         3d7       45%         3
 Manifold Assault         Tloc           12%        N/A       80%         5
 Cause Fear               Hex            1%         N/A       86%         4
 Leda's Liquefaction      Hex/Erth       1%         N/A       86%         4
 Olgreb's Toxic Radiance  Pois           2%         N/A       86%         4
 Lightning Bolt           Conj/Air       1%         1d12      99%         5
 Ozocubu's Refrigeration  Ice            6%         4d6       100%        7
 Ignition                 Fire           1%         3d3       100%        8
 Lehudib's Crystal Spear  Conj/Erth      1%         10d2      100%        8
 Maxwell's Capacitive Co  Air            1%         ∞         100%        8
 Dragon's Call            Summ           1%         N/A       100%        9
 Portal Projectile        Hex/Tloc       Unusable   N/A       N/A         3
 Animate Armour           Summ/Erth      Unusable   N/A       N/A         4

Dungeon Overview and Level Annotations

Branches:
Dungeon (13/15)            Temple (1/1) D:6            Lair (6/6) D:9
 Shoals (0/4) Lair:2        Snake (0/4) Lair:3        Slime (0/5) Lair:6
    Orc (1/2) D:11          IceCv (visited)
 Vaults: D:13-14

Altars:
Ashenzari
Cheibriados
Dithmenos
Elyvilon
Fedhas
Gozag
Hepliaklqana
Kikubaaqudgha
Makhleb
Nemelex Xobeh
Okawaru
Qazlal
Ru
Sif Muna
Trog
Uskayaw
Vehumet
Wu Jian
Xom
Yredelemnul
Zin
The Shining One

Shops:
D:4 =   D:12 [   D:13 :   Lair:3 =:

Annotations:
D:2 exclusion: adder
D:4 1 runed translucent door, burn09's ghost, amateur HOFi
D:5 orc warrior!, Maggie
D:6 dowan&duvessa + sigmund + grinder + troll!!!, exclusion: troll, Dowan; Duvessa; Grinder; Sigmund
D:7 exclusion: two-headed ogre
D:8 exclusion: downstairs
D:9 exclusion: downstairs, Erolcha
D:10 exclusion: downstairs
D:12 exclusion: 4 doors, Nergalle
D:13 Snorg
Lair:2 Gastronok; Harold
Lair:4 exclusions: downstairs and oklob plant
Lair:5 3 runed translucent doors, exclusion: 2 downstairs, Bolunijamo's ghost, journeyman GnFi; Cuirinieja's ghost, journeyman DECj; Qech's ghost, journeyman KoAE; Riymurr's ghost, journeyman MfMo
Lair:6 exclusions: lindwurm and oklob plant, Nessos


Innate Abilities, Weirdness & Mutations

You have sharp claws.
You have razor-sharp teeth.
You have supernaturally acute eyesight. (SInv)
You cover ground quickly. (Speed+)
Your thick and shaggy fur keeps you warm. (AC +3, rC+)
Your paws help you pounce on unaware monsters.
You are incapable of wielding weapons or throwing items.
You cannot wear armour.
You gain extra lives every three experience levels.


Message History

Snorg bites you but does no damage. Snorg claws you! x2
You are too injured to fight recklessly!
You are too injured to fight recklessly!
You punch Snorg! You freeze Snorg.
Snorg is heavily wounded.
Snorg bites you. Snorg claws you but does no damage. Snorg closely misses you.
You punch Snorg! You freeze Snorg.
Snorg is severely wounded.
Snorg bites you!!
* * * LOW HITPOINT WARNING * * *
Snorg completely misses you. Snorg claws you.
* * * LOW HITPOINT WARNING * * *
You feel much better. Snorg closely misses you. Snorg claws you.
Snorg closely misses you. x2; Snorg claws you.
Snorg completely misses you.
You punch Snorg! You freeze Snorg.
Snorg is severely wounded.
Snorg closely misses you. Snorg claws you. x2
You pummel Snorg!! You freeze Snorg!
Snorg is almost dead.
Snorg misses you. Snorg barely misses you. Snorg closely misses you.
You hit Snorg. You freeze Snorg.
Snorg is almost dead.
Snorg closely misses you. Snorg claws you but does no damage.
Snorg closely misses you.
You hit Snorg. You freeze Snorg.
Snorg is almost dead.
Snorg bites you!!
* * * LOW HITPOINT WARNING * * *
Snorg barely misses you. Snorg claws you!
You die...
Your shape twists and changes as you die.
You are now level 11!
You warm up again.
You rejoin the land of the living...
Unknown command.
Unknown command.
Unknown command.
Unknown command.
Unknown command.
Are you sure you want to abandon this character and quit the game? (Confirm with "yes".)

#######
#......
#######
#......
#.....#
#......
#.....#
#.....T
#..@..#
+......
#.....#
#......
#.....#$
#......
#.....+
#......
#.....#
#......
#.....#
######'
#.....#
#.
###.###
#. #.


There were no monsters in sight!

Vanquished Creatures
  Frances (D:12)
  3 hydras (Lair:4)
  2 tengu warriors
  Urug (Lair:4)
  A wolf spider (Lair:1)
  A deep elf pyromancer (D:13)
  3 manticores
  3 cyclopes
  8 elephants
  Maurice (D:10)
  A merfolk siren (Lair:2)
  A black mamba (Lair:1)
  9 cane toads
  2 kobold demonologists (D:12)
  Psyche (D:12)
  3 rime drakes
  4 komodo dragons
  3 meliai (Lair:5)
  2 trolls
  2 hornets
  A queen bee (Lair:5)
  4 polar bears
  21 blink frogs
  13 dream sheep
  2 wraiths (D:10)
  5 basilisks
  A yak (shapeshifter) (D:13)
  2 vampires
  3 wyverns
  39 yaks
  A steam dragon (D:9)
  2 vampire mosquitoes (D:12)
  An acid dragon (D:10)
  10 water moccasins
  4 ice beasts
  11 orc warriors
  2 sky beasts
  4 black bears
  A necrophage (D:6)
  17 wolves
  3 ogres
  6 centaurs
  2 kobold brigands
  16 bullfrogs
  A gnoll sergeant (D:6)
  2 scorpions (D:9)
  A wyvern zombie (D:8)
  A water moccasin zombie (D:5)
  A water moccasin skeleton (D:5)
  26 killer bees
  2 electric eels
  7 wights
  7 centaur zombies
  A bullfrog zombie (D:5)
  2 gnoll shamans
  3 hounds
  2 centaur skeletons
  16 orc priests
  A jelly (D:6)
  2 iguanas
  15 orc wizards
  5 hell rats (Lair:6)
  2 killer bee zombies
  4 centaur simulacra (D:9)
  11 gnolls
  4 adders
  4 howler monkey simulacra (D:9)
  7 white imps
  An ufetubus (D:9)
  2 adder skeletons (D:4)
  4 worms
  2 dart slugs (D:4)
  61 orcs
  7 bats
  8 endoplasms
  2 giant cockroaches
  27 goblins
  5 hobgoblins
  6 jackals
  11 kobolds
  2 quokkas
  6 ball pythons
  2 frilled lizards (D:1)
  9 rats
505 creatures vanquished.

Vanquished Creatures (others)
  101 fungi
  90 plants
  2 withered plants (Lair:6)
193 creatures vanquished.

Grand Total: 698 creatures vanquished

Notes
Turn   | Place    | Note
-------+----------+-------------------------------------------
     0 | D:1      | Kenran the Felid Transmuter began the quest for the Orb.
     0 | D:1      | Reached XP level 1. HP: 9/9 MP: 4/4
   116 | D:1      | Reached XP level 2. HP: 6/12 MP: 4/6
   795 | D:1      | Reached skill level 4 in Unarmed Combat
  1336 | D:2      | Reached skill level 1 in Stealth
  1391 | D:1      | Reached XP level 3. HP: 4/15 MP: 5/7
  1695 | D:2      | Found a faded altar of an unknown god.
  3119 | D:2      | Reached XP level 4. HP: 18/19 MP: 6/8
  3780 | D:3      | Reached XP level 5. HP: 23/23 MP: 9/9
  4073 | D:3      | Reached skill level 5 in Unarmed Combat
  4434 | D:4      | Found Adoaff's Jewellery Boutique.
  4944 | D:4      | HP: 1/24 [orc priest/+2 mace of protection (4)]
  4950 | D:4      | Gained mutation: You are covered in thick fur. (AC +2)
                  | [Felid growth]
  4950 | D:4      | Reached XP level 6. HP: 2/28 MP: 10/10
  5342 | D:4      | Found a hazy altar of Hepliaklqana.
  5952 | D:4      | Found a runed translucent door.
  5966 | D:4      | Noticed burn09's ghost (amateur HOFi)
  6188 | D:5      | Entered Level 5 of the Dungeon
  6217 | D:5      | Reached skill level 6 in Unarmed Combat
  6323 | D:5      | Reached XP level 7. HP: 18/31 MP: 11/11
  6802 | D:5      | Found an ornate altar of the Wu Jian Council.
  6821 | D:5      | Reached skill level 7 in Unarmed Combat
  7103 | D:5      | Found a broken altar of Ashenzari.
  7103 | D:5      | Found a bloodstained altar of Trog.
  8129 | D:5      | Reached skill level 8 in Unarmed Combat
  8244 | D:5      | Learned a level 4 spell: Ice Form
  8912 | D:6      | Reached XP level 8. HP: 30/34 MP: 10/12
  8978 | D:6      | Noticed Duvessa
  8978 | D:6      | Noticed Dowan
  9156 | D:6      | Noticed Grinder
  9456 | D:6      | Noticed Maggie
  9754 | D:6      | Found a staircase to the Ecumenical Temple.
  9763 | Temple   | Entered the Ecumenical Temple
 10008 | Temple   | Became a worshipper of Gozag Ym Sagoz the Greedy
 10117 | D:6      | Reached skill level 5 in Dodging
 10117 | D:6      | Reached skill level 5 in Stealth
 10127 | D:6      | Noticed a troll
 10137 | D:6      | Noticed Sigmund
 10425 | D:7      | Noticed a two-headed ogre
 10637 | D:8      | Reached skill level 5 in Transmutations
 10876 | D:8      | Reached skill level 1 in Ice Magic
 11288 | D:8      | Found a flagged portal.
 11830 | D:8      | Reached XP level 9. HP: 38/39 MP: 11/13
 11843 | D:8      | Found a shimmering altar of Xom.
 11998 | D:8      | Found a basalt altar of Yredelemnul.
 12840 | D:7      | Reached skill level 5 in Fighting
 13087 | D:7      | Found an iron altar of Okawaru.
 13416 | D:8      | Reached skill level 9 in Unarmed Combat
 14568 | D:9      | Reached skill level 10 in Unarmed Combat
 14570 | D:9      | Reached XP level 10. HP: 36/44 MP: 15/15
 14660 | D:9      | Reached skill level 1 in Evocations
 15828 | D:9      | Found a staircase to the Lair.
 16550 | D:9      | Noticed Erolcha
 16864 | D:10     | Entered Level 10 of the Dungeon
 16936 | D:10     | Noticed Maurice
 16947 | D:10     | Killed Maurice
 17191 | D:10     | Found a radiant altar of Vehumet.
 18705 | Lair:1   | Entered Level 1 of the Lair of Beasts
 18711 | Lair:1   | Noticed a black mamba
 18715 | Lair:1   | Killed a black mamba
 18716 | Lair:1   | Reached skill level 11 in Unarmed Combat
 18716 | Lair:1   | Reached XP level 11. HP: 49/49 MP: 16/16
 18730 | Lair:1   | Noticed a wolf spider
 18738 | Lair:1   | Killed a wolf spider
 18939 | Lair:1   | Noticed an eight-headed hydra
 20393 | Lair:2   | Found a gate leading to a gauntlet.
 20901 | Lair:2   | Noticed Harold
 20909 | Lair:2   | You fall into a shaft and drop 1 floor!
 20962 | Lair:2   | Noticed Gastronok
 21028 | Lair:2   | Reached skill level 10 in Dodging
 21028 | Lair:2   | Reached skill level 12 in Unarmed Combat
 21094 | Lair:2   | Found a staircase to the Shoals.
 21302 | Lair:3   | Gained mutation: Your thick and shaggy fur keeps you warm.
                  | (AC +3, rC+) [Felid growth]
 21302 | Lair:3   | Reached XP level 12. HP: 44/55 MP: 15/17
 21534 | Lair:3   | Found a frozen archway.
 21545 | IceCv    | Entered an ice cave
 21792 | IceCv    | Reached skill level 5 in Evocations
 21796 | IceCv    | Noticed a death yak
 22250 | Lair:3   | Found a staircase to the Snake Pit.
 22405 | Lair:3   | Reached skill level 10 in Transmutations
 22507 | Lair:3   | Reached skill level 10 in Stealth
 23249 | Lair:4   | Noticed a seven-headed hydra
 23301 | Lair:3   | Bought a book of Spatial Translocations for 390 gold pieces
 23304 | Lair:3   | Learned a level 2 spell: Blink
 23318 | Lair:3   | Bought an amulet of regeneration for 480 gold pieces
 23382 | Lair:4   | Noticed a seven-headed hydra
 23396 | Lair:4   | Killed a seven-headed hydra
 23397 | Lair:4   | Reached skill level 1 in Translocations
 23429 | Lair:4   | Noticed Urug
 23445 | Lair:4   | Killed Urug
 23777 | Lair:4   | Noticed a boulder beetle
 23808 | Lair:4   | Noticed a six-headed hydra
 23819 | Lair:4   | Killed a six-headed hydra
 23947 | Lair:4   | Killed a seven-headed hydra
 24866 | Lair:5   | Slain by a meliai
 24867 | Lair:5   | Reached XP level 11. HP: -1/63 MP: 16/16
 24944 | Lair:5   | Reached XP level 12. HP: 51/57 MP: 13/17
 24985 | Lair:5   | Found a runed translucent gate.
 24985 | Lair:5   | Found a runed translucent gate.
 24985 | Lair:5   | Found a runed translucent gate.
 24985 | Lair:5   | Noticed Qech's ghost (journeyman KoAE)
 24986 | Lair:5   | Noticed Cuirinieja's ghost (journeyman DECj)
 24986 | Lair:5   | Noticed Bolunijamo's ghost (journeyman GnFi)
 24986 | Lair:5   | Noticed Riymurr's ghost (journeyman MfMo)
 24986 | Lair:5   | Noticed Riymurr's ghost (journeyman MfMo)
 25728 | Lair:6   | Entered Level 6 of the Lair of Beasts
 25844 | Lair:6   | Noticed a death yak
 25844 | Lair:6   | Noticed a death yak
 25844 | Lair:6   | Noticed a death yak
 25844 | Lair:6   | Noticed a death yak
 25844 | Lair:6   | Noticed a death yak
 25959 | Lair:5   | Reached skill level 13 in Unarmed Combat
 26090 | Lair:6   | Found a staircase to the Slime Pits.
 26690 | Lair:6   | Reached skill level 10 in Fighting
 26711 | Lair:6   | Noticed a dire elephant
 26712 | Lair:6   | Noticed Nessos
 27151 | D:11     | Noticed a tengu warrior
 27152 | D:11     | Noticed a tengu warrior
 28115 | D:10     | Killed a tengu warrior
 28180 | D:10     | Found a radiant altar of Vehumet.
 28862 | D:11     | Found a staircase to the Orcish Mines.
 29172 | D:11     | Killed a tengu warrior
 29615 | D:11     | Found a staircase to the Orcish Mines.
 29624 | Orc:1    | Entered Level 1 of the Orcish Mines
 29629 | Orc:1    | Noticed an orc warlord
 29735 | D:12     | Noticed Nergalle
 29765 | D:12     | Reached XP level 13. HP: 49/61 MP: 14/18
 29820 | D:12     | Noticed Frances
 29858 | D:12     | Killed Frances
 29967 | D:12     | Reached skill level 14 in Unarmed Combat
 29984 | D:12     | Found Gosypiel's Antique Armour Boutique.
 30324 | D:12     | Noticed Psyche
 30332 | D:12     | Killed Psyche
 30751 | D:13     | Found a flickering gateway to a bazaar.
 30764 | Bazaar   | Entered a bazaar
 30764 | Bazaar   | Found Mabroky's Armour Boutique.
 30764 | Bazaar   | Found Sipuops's Armour Shop.
 30764 | Bazaar   | Found Cuequut's Antique Weapon Shop.
 30764 | Bazaar   | Found Cidiot's General Store.
 30779 | Bazaar   | Bought a scroll of identify for 26 gold pieces
 32589 | D:13     | Slain by a very large slime creature
 32590 | D:13     | Reached XP level 12. HP: -3/69 MP: 15/17
 32591 | D:13     | Bought a book of the Dragon for 644 gold pieces
 32599 | D:13     | Learned a level 7 spell: Dragon Form
 32644 | D:13     | Noticed Snorg
 32661 | D:13     | HP: 2/69 [Snorg (23)]
 32661 | D:13     | Mangled by Snorg
 32662 | D:13     | Reached XP level 11. HP: -13/64 MP: 12/16
 32662 | D:13     | Quit the game

Illustrated notes

Levels and vault maps discovered:
D:1:      mushboom_english_gardens, layout_basic, grunt_decor_arrowhead
D:2:      layout_loops_ring, nicolae_ecumenical_lake_church,
          minmay_strange_pillars, minmay_tetromino_i4
D:3:      layout_basic
D:4:      layout_loops_cross, overflow_temple_1_default,
          ebering_ghost_reflecting_pool, serial_shops, nicolae_stop_n_shop_1,
          chequers_serial_rivers_micro_a
D:5:      layout_loops_ring, general_overflow_altar,
          mainiacjoe_overflow_divided_tiny, minmay_ogre_servants
D:6:      layout_gridville, minmay_temple_entry_slanted, st_stairs_3,
          minmay_misc_feat_four_crosses, uniq_duvessa, uniq_grinder,
          uniq_maggie, uniq_sigmund
D:7:      layout_loops_cross, old_standard_altar, minmay_misc_feat_columns
D:8:      layout_basic, tgw_xom, mainiacjoe_overflow_paths, enter_bailey_3,
          nicolae_concentric_dashed_squares_wild
D:9:      layout_loops_ring, due_lair_maze_entry_diamond, serial_ice,
          serial_ice_m, serial_ice_d, serial_ice_o, serial_ice_k, serial_ice_h,
          serial_ice_f, serial_ice_b, serial_ice_g,
          chequers_hall_statues_corner_a, uniq_erolcha
D:10:     layout_stronghold, vehumet_crystals, minmay_quadrilaterals,
          uniq_maurice
D:11:     layout_irregular_city, david_orc_4
D:12:     layout_roguey, serial_shops, shop, item_on_display_a, uniq_nergalle,
          uniq_psyche, uniq_frances
D:13:     layout_roguey, serial_shops, bzr_entry_dummy, nzn_ghost_randoct,
          corexii_mini_fake_secret_closet, uniq_snorg
Temple:   eino_temple_water
Lair:1:   layout_roguey, wad_woods_road_03, nicolae_lair_run_with_the_wolves
Lair:2:   layout_misc_corridors, minmay_shoals_entry_lonely_mermaid,
          gauntlet_entry_generic, serial_bayou_lagoon_a, uniq_gastronok,
          uniq_harold
Lair:3:   layout_small_grid, dummy_snake_entry, portal_ice_cave_entry_pillars_2,
          infiniplex_staircase_pool_2, grunt_megastairs_5, serial_bayou_shore_b
Lair:4:   layout_regular_city, uniq_urug
Lair:5:   layout_gridlike, gammafunk_ghost_cemetery, special_room
          [special_room_bee]
Lair:6:   due_jungle_book, layout_long_grid, minmay_slime_entry_oklob_open,
          minmay_lindwurm_lava, grunt_megastairs_3, uniq_nessos
Orc:1:    layout_caves

Skill      XL: |  1  2  3  4  5  6  7  8  9 10 11 12 13 |
---------------+----------------------------------------+-----
Unarmed Combat | 4 5 6 8 10 11 12 13 14 | 14.0
Stealth        | 1 2 3 4 5 6 7 8 13 | 13.4
Fighting       | 2 3 4 5 6 8 10 | 10.0
Dodging        | 3 4 5 7 10 12 | 12.4
Transmutations | 3 6 7 8 9 10 11 | 11.0
Ice Magic      | 2 3 |  3.0
Spellcasting   | 3 |  3.0
Evocations     | 3 4 5 |  5.7
Translocations | 3 |  3.0

Action                   |  1- 3 |  4- 6 |  7- 9 | 10-12 | 13-15 || total
-------------------------+-------+-------+-------+-------+-------++-------
Melee: Unarmed           |   112 |   173 |   438 |  1025 |   127 ||  1875
       Headbutt          |    26 |    23 |    81 |    47 |     4 ||   181
       Bite              |    13 |    30 |    60 |    35 |     7 ||   145
       Punch             |     6 |     9 |    32 |    27 |     2 ||    76
 Cast: Beastly Appendage |    31 |    24 |    47 |    29 |     1 ||   132
       Ice Form          |       |       |       |    63 |     5 ||    68
       Blink             |       |       |       |     5 |       ||     5
Invok: Call Merchant     |       |       |       |     3 |       ||     3
 Abil: End Transformatio |       |       |       |     1 |       ||     1
Evoke: Wand              |       |       |     2 |    26 |     2 ||    30
  Use: Scroll            |       |     5 |     6 |     5 |     4 ||    20
       Potion            |       |       |       |     5 |     1 ||     6
 Stab: Sleeping          |       |     5 |    13 |    17 |     5 ||    40
       Distracted        |       |     1 |     2 |    13 |     7 ||    23
       Paralysed         |       |       |     2 |     3 |       ||     5
Armor: Skin              |    13 |    23 |    49 |   186 |    14 ||   285
Dodge: Dodged            |    85 |   126 |   381 |   796 |    56 ||  1444
